 Dungeon Crawl Stone Soup version 0.29.0-4-gdea44cf6ec (webtiles) character file.

Game seed: 11809031312052233722

546 qw the Grappler (level 7, -4/66 HPs)
             Began as a Troll Cinder Acolyte on Sept 1, 2022.
             Was a High Priest of Ignis.
             Succumbed to a gnoll's poison
             ... on level 4 of the Dungeon.
             The game lasted 00:01:23 (2513 turns).

qw the Grappler (Troll Cinder Acolyte)              Turns: 2513, Time: 00:01:24

Health: -4/66      AC: 11    Str: 25    XL:     7   Next: 6%
Magic:  7/7        EV:  9    Int: 10    God:    Ignis [*****.]
Gold:   138        SH:  0    Dex:  5    Spells: 8/8 levels left

rFire   + . .      SeeInvis .     - Unarmed
rCold   . . .      Faith    .   (no shield)
rNeg    . . .      Spirit   .   a - +0 robe
rPois   .          Reflect  .   (helmet restricted)
rElec   .          Harm     .   (no cloak)
rCorr   .          Rampage  .   (gloves unavailable)
Will    .....                   (boots unavailable)
Stlth   +.........              (no amulet)
HPRegen 1.01/turn               (no ring)
MPRegen 0.10/turn               (no ring)

@: lethally poisoned (-4 -> -22), about to teleport, fiery-armoured
A: large, unfitting armour, claws 3, regeneration 1, shaggy fur 1, tough skin 1
a: Renounce Religion, Fiery Armour, Foxfire Swarm, Rising Flame


You were on level 4 of the Dungeon.
You worshipped Ignis.
Ignis was extremely pleased with you.
You visited 1 branch of the dungeon, and saw 4 of its levels.

You collected 138 gold pieces.


Innate Abilities, Weirdness & Mutations

You are too large for most types of armour.
You have claws for hands.
Your natural rate of healing is unusually fast.
You are covered in fur. (AC +1)
You have tough skin. (AC +1)


   Skills:
 + Level 2.7 Fighting
 - Level 8.0 Unarmed Combat
 - Level 1.0 Spellcasting
 - Level 2.1 Fire Magic


You had 8 spell levels left.
You didn't know any spells.
Your spell library contained the following spells:

 Spells                   Type           Power      Damage    Failure   Level
 Scorch                   Fire           8%         2d5       22%         2

Inventory:

Armour
 a - a +0 robe (worn)
Jewellery
 d - a ring of protection from cold
 g - a ring of poison resistance
 i - a +4 ring of evasion
Scrolls
 b - 4 scrolls of teleportation
 c - 2 scrolls of identify
Potions
 e - a potion of curing
 f - a potion of brilliance {unknown}
 h - a potion of mutation {unknown}
 j - a potion of haste {unknown}

Dungeon Overview and Level Annotations

Branches:
Dungeon (4/15)
 Temple: D:4-7

Altars:


Message History

The gnoll is burned by your cloak of flames.
The gnoll is moderately wounded.
You closely miss the gnoll.
The gnoll is moderately wounded.
You feel very sick.
The gnoll hits you with a +0 spear of venom!
You are more poisoned.
The gnoll is burned by your cloak of flames.
The gnoll is moderately wounded.
2508 ||| Stepping ~*~*~tactically~*~*~ (outnumbered).
The gnoll attacks as you move away! The gnoll barely misses you.
You feel extremely sick.
The gnoll hits you with a +0 spear of venom.
You are more poisoned.
The gnoll is burned by your cloak of flames.
The gnoll is heavily wounded.
2509 ||| Stepping ~*~*~tactically~*~*~ (outnumbered).
You feel extremely sick.
The gnoll hits you from afar with a +0 spear of venom.
You are more poisoned.
You closely miss the gnoll.
You feel extremely sick. The gnoll hits you with a +0 flail.
The gnoll is burned by your cloak of flames.
The gnoll is lightly wounded.
The gnoll completely misses you.
You scratch the gnoll.
The gnoll is heavily wounded.
You feel very sick. The gnoll misses you. The gnoll barely misses you.
You claw the gnoll!
You kill the gnoll!
You feel very sick.
The gnoll hits you from afar with a +0 spear of venom.
You are more poisoned.
The gnoll hits you from afar with a +0 halberd!
2513 ||| READING 5 scrolls of teleportation.
As you read the scroll of teleportation, it crumbles to dust.
You feel strangely unstable.
You die...

... #....#....
..... +....#....
#..#######+##'#....
#.........>.....##
#...............#
#...............#
#...............+
#........########
#@)..##### #...##
#gg## #g## .g##
.... ....g. ......
......


You could see a gnoll bouda and 3 gnolls.

Vanquished Creatures
  Grinder (D:4)
  An ogre (D:3)
  A scorpion (D:4)
  A jelly (D:4)
  Natasha (D:4)
  2 orc wizards (D:4)
  A gnoll (D:4)
  4 adders
  A worm (D:4)
  A dart slug (D:2)
  7 orcs
  6 bats
  7 endoplasms
  2 giant cockroaches (D:3)
  3 hobgoblins
  7 jackals
  5 kobolds
  4 quokkas
  3 ball pythons
  A frilled lizard (D:2)
  7 goblins
  2 rats
68 creatures vanquished.

Notes
Turn   | Place    | Note
-------+----------+-------------------------------------------
     0 | D:1      | qw the Troll Cinder Acolyte began the quest for the Orb.
     0 | D:1      | Reached XP level 1. HP: 22/22 MP: 1/1
     0 | D:1      | 0 ||| qw: Version: 0.1-a-97-g2dd2ca4
     0 | D:1      | 0 ||| qw: Game counter: 4744
     0 | D:1      | 0 ||| qw: Always use a shield: true
     0 | D:1      | 0 ||| qw: God list: Okawaru
     0 | D:1      | 0 ||| qw: Allow faded altars: false
     0 | D:1      | 0 ||| qw: Do Orc after D:15 true
     0 | D:1      | 0 ||| qw: Do second Lair branch before Depths: true
     0 | D:1      | 0 ||| qw: Lair rune preference: random
     0 | D:1      | 0 ||| qw: Plans: Normal
     0 | D:1      | 0 ||| PLANNING D:1-11
    15 | D:1      | 15 ||| Stepping ~*~*~tactically~*~*~ (stealth).
   190 | D:1      | Reached XP level 2. HP: 29/29 MP: 2/2
   457 | D:1      | Reached skill level 4 in Unarmed Combat
   651 | D:1      | 651 ||| READING 2 scrolls labelled NEOWATZ HODWU.
   652 | D:1      | 652 ||| READING 2 scrolls labelled ACSIOQ HESOUC.
   716 | D:2      | 716 ||| Stepping ~*~*~tactically~*~*~ (outnumbered).
   717 | D:2      | 717 ||| Stepping ~*~*~tactically~*~*~ (outnumbered).
   718 | D:2      | 718 ||| Stepping ~*~*~tactically~*~*~ (outnumbered).
   719 | D:2      | 719 ||| Stepping ~*~*~tactically~*~*~ (outnumbered).
   720 | D:2      | 720 ||| Stepping ~*~*~tactically~*~*~ (outnumbered).
   721 | D:2      | 721 ||| Stepping ~*~*~tactically~*~*~ (outnumbered).
   722 | D:2      | 722 ||| Stepping ~*~*~tactically~*~*~ (outnumbered).
   723 | D:2      | 723 ||| Stepping ~*~*~tactically~*~*~ (outnumbered).
   724 | D:2      | 724 ||| Stepping ~*~*~tactically~*~*~ (outnumbered).
   725 | D:2      | 725 ||| Stepping ~*~*~tactically~*~*~ (outnumbered).
   726 | D:2      | 726 ||| Stepping ~*~*~tactically~*~*~ (outnumbered).
   727 | D:2      | 727 ||| Stepping ~*~*~tactically~*~*~ (hiding).
   936 | D:2      | Reached XP level 3. HP: 36/36 MP: 3/3
  1310 | D:2      | 1310 ||| READING scroll labelled ELLIDE QUF.
  1311 | D:2      | 1311 ||| READING 3 scrolls of identify.
  1311 | D:2      | 1311 ||| IDENTIFYING metallic ruby potion
  1312 | D:2      | 1312 ||| READING 2 scrolls of identify.
  1312 | D:2      | 1312 ||| IDENTIFYING dark potion
  1313 | D:2      | 1313 ||| DROPPING potion of ambrosia.
  1320 | D:3      | 1320 ||| STAIRDANCE
  1475 | D:3      | 1475 ||| Stepping ~*~*~tactically~*~*~ (outnumbered).
  1476 | D:3      | 1476 ||| Stepping ~*~*~tactically~*~*~ (outnumbered).
  1603 | D:3      | Noticed an ogre
  1604 | D:3      | 1604 ||| Stepping ~*~*~tactically~*~*~ (stealth).
  1605 | D:3      | 1605 ||| Stepping ~*~*~tactically~*~*~ (stealth).
  1613 | D:3      | Killed an ogre
  1614 | D:3      | Reached skill level 5 in Unarmed Combat
  1614 | D:3      | Reached XP level 4. HP: 44/44 MP: 4/4
  1624 | D:3      | Reached XP level 5. HP: 48/50 MP: 5/5
  1664 | D:3      | 1664 ||| Stepping ~*~*~tactically~*~*~ (stealth).
  1665 | D:3      | 1665 ||| Stepping ~*~*~tactically~*~*~ (stealth).
  1687 | D:3      | Reached skill level 6 in Unarmed Combat
  1750 | D:3      | 1750 ||| Stepping ~*~*~tactically~*~*~ (outnumbered).
  1751 | D:3      | 1751 ||| Stepping ~*~*~tactically~*~*~ (outnumbered).
  1775 | D:3      | 1775 ||| Stepping ~*~*~tactically~*~*~ (stealth).
  1862 | D:3      | 1862 ||| READING 2 scrolls labelled IDIWNI LOTTO.
  1863 | D:3      | 1863 ||| DRINKING 3 smoky grey potions.
  1864 | D:3      | 1864 ||| DROPPING 2 potions of magic.
  1865 | D:3      | 1865 ||| DROPPING scroll of vulnerability.
  1987 | D:4      | Reached XP level 6. HP: 59/59 MP: 6/6
  2051 | D:4      | Noticed Grinder
  2054 | D:4      | 2054 ||| Stepping ~*~*~tactically~*~*~ (stealth).
  2062 | D:4      | Killed Grinder
  2063 | D:4      | Reached skill level 7 in Unarmed Combat
  2091 | D:4      | 2091 ||| FLEEEEING.
  2100 | D:4      | 2100 ||| Stepping ~*~*~tactically~*~*~ (hiding).
  2109 | D:4      | 2109 ||| INVOKING Fiery Armour.
  2112 | D:4      | 2112 ||| Stepping ~*~*~tactically~*~*~ (hiding).
  2117 | D:4      | Reached skill level 8 in Unarmed Combat
  2277 | D:4      | Noticed Natasha
  2278 | D:4      | 2278 ||| Stepping ~*~*~tactically~*~*~ (hiding).
  2284 | D:4      | Killed Natasha
  2285 | D:4      | Reached XP level 7. HP: 66/66 MP: 7/7
  2505 | D:4      | 2505 ||| INVOKING Fiery Armour.
  2508 | D:4      | 2508 ||| Stepping ~*~*~tactically~*~*~ (outnumbered).
  2509 | D:4      | 2509 ||| Stepping ~*~*~tactically~*~*~ (outnumbered).
  2512 | D:4      | HP: 14/66 [poisoned by a gnoll]
  2512 | D:4      | HP: 1/66 [gnoll/+0 halberd[a gnoll bouda] (8)]
  2513 | D:4      | 2513 ||| READING 5 scrolls of teleportation.
  2513 | D:4      | Succumbed to a gnoll's poison

Levels and vault maps discovered:
D:1:      dpeg_arrival_fog, layout_loops_ring
D:2:      layout_loops_ring
D:3:      layout_basic
D:4:      layout_gridville, nicolae_sif_muna_condensation,
          hangedman_glass_teeth, uniq_grinder, uniq_natasha, uniq_sigmund

Skill      XL: |  1  2  3  4  5  6 |
---------------+-------------------+-----
Unarmed Combat | 4 5 6 8 |  8.0
Fighting       | |  2.7
Spellcasting   | |  1.0
Fire Magic     | |  2.1

Action                   |  1- 3 |  4- 6 |  7- 9 || total
-------------------------+-------+-------+-------++-------
Melee: Unarmed           |    89 |    70 |     6 ||   165
       Punch             |     2 |     3 |       ||     5
Invok: Fiery Armour      |       |     1 |     1 ||     2
  Use: Scroll            |     5 |     1 |     1 ||     7
       Potion            |       |     1 |       ||     1
Armor: Robe              |    30 |    28 |       ||    58
Dodge: Dodged            |    39 |    29 |     5 ||    73

Table legend:
 A = Non-vault XP
 B = Vault XP
 C = Vault XP percentage of total XP
 D = Non-vault monster count
 E = Vault monster count
 F = Vault count percentage of total count
                 A         B        C        D         E       F
            +---------+---------+-------+---------+---------+-------
      Total |     490 |     291 |  37.3 |      66 |       2 |   2.9
            +---------+---------+-------+---------+---------+-------
        D:1 |      31 |       0 |   0.0 |      17 |       0 |   0.0
        D:2 |      22 |       0 |   0.0 |      12 |       0 |   0.0
        D:3 |     195 |       0 |   0.0 |      22 |       0 |   0.0
        D:4 |     242 |     291 |  54.6 |      15 |       2 |  11.8
            +---------+---------+-------+---------+---------+-------
